 Dungeon Crawl Stone Soup version 0.30-a0-772-g5528072125 (webtiles) character file.

Game seed: 9005927888551302111

49 mopl the Insei (level 4, -4/32 HPs)
             Began as a Djinni Transmuter on Feb 12, 2023.
             Slain by a gnoll
             ... wielding a +0 spear
              (10 damage)
             ... on level 2 of the Dungeon.
             The game lasted 00:01:40 (1282 turns).

mopl the Insei (Djinni Transmuter)                  Turns: 1282, Time: 00:01:40

Health: -4/32      AC:  2    Str:  9    XL:     4   Next: 1%
Gold:   106        EV: 19    Int: 15    God:
                   SH:  0    Dex: 20

rFire   . . .      SeeInvis .      - Unarmed
rCold   . . .      Faith    .    (shield currently unavailable)
rNeg    . . .      Spirit   .    (body armour currently unavailable)
rPois   ∞          Reflect  .    (helmet currently unavailable)
rElec   .          Harm     .    (cloak currently unavailable)
rCorr   .          Rampage  .    (gloves currently unavailable)
Will    .....                    (boots unavailable)
Stlth   ++                       (no amulet)
HPRegen 0.25/turn                (no ring)
MPRegen 0.00/turn                (no ring)

@: spider-form (expiring), flying, very slightly contaminated
A: venomous fangs, flying, sickness immunity, tiny, (fire resistance 2), (cold
vulnerability 1), float, innate caster, HP casting, extra vitality 1
a: End Transformation


You were on level 2 of the Dungeon.
You were a venomous arachnid creature.
You visited 1 branch of the dungeon, and saw 2 of its levels.

You collected 106 gold pieces.

Inventory:

Armour
 a - a +0 robe (melded)
 i - a +0 pair of gloves (melded)
Scrolls
 c - 2 scrolls of fear {unknown}
 d - 2 scrolls of amnesia {unknown}
 e - 2 scrolls of torment {unknown}
 f - 3 scrolls of poison {unknown}
 g - 4 scrolls of identify {unknown}
 h - 2 scrolls of enchant armour {unknown}
Potions
 b - 2 potions of lignification {!q}
 j - a potion of berserk rage {unknown}
 k - a potion of attraction {unknown}


   Skills:
 - Level 1.0 Fighting
 - Level 2.1 Dodging
 * Level 4.1 Unarmed Combat
 + Level 2.1 Spellcasting


You couldn't memorise any spells.
You knew the following spells:

 Your Spells              Type           Power      Damage    Failure   Level
a - Beastly Appendage     Tmut           16%        N/A       22%         1
b - Spider Form           Tmut/Pois      8%         N/A       47%         3
c - Sting                 Tmut/Pois      32%        1d4       22%         1
d - Ice Form              Ice/Tmut       8%         N/A       83%         4
w - Wereblood             Tmut           8%         N/A       32%         2
Your spell library was empty.

Dungeon Overview and Level Annotations

Branches:
Dungeon (2/15)

Altars:


Innate Abilities, Weirdness & Mutations

You are a venomous arachnid creature.
You have venomous fangs.
You are tiny and dextrous.
You are flying.
Your spellcasting is less reliable in this form.
Your armour is entirely melded.
You are incapable of wielding weapons or throwing items.
You are immune to sickness and miasma.
You are immune to poison.
((Your flesh is very heat resistant. (rF++)))
((You are vulnerable to cold. (rC-)))
You float through the air rather than walking.
You learn spells naturally, not from books.
Your magical power is your life essence.
You have superior vitality. (+4 MHP)


Message History

You miscast Spider Form.
Nothing appears to happen.
Casting: Spider Form (extremely dangerous; 30% risk of failure)
Confirm with . or Enter, or press ? or * to list all spells.
The spell is extremely dangerous to miscast (30% risk of failure)!
Continue anyway?
You miscast Spider Form.
You feel odd. You resist. The gnoll barely misses you.
An orc comes into view. It is wielding a +0 morningstar.
A gnoll comes into view. It is wielding a +0 spear.
Casting: Spider Form (extremely dangerous; 30% risk of failure)
Confirm with . or Enter, or press ? or * to list all spells.
The spell is extremely dangerous to miscast (30% risk of failure)!
Continue anyway?
You turn into a venomous arachnid creature.
Your +0 pair of gloves melds into your body.
Your +0 robe melds into your body.
Saving game... please wait.
Welcome back, mopl the Djinni Transmuter.
Press ? for a list of commands and other information.
You hit the gnoll but do no damage.
The gnoll is poisoned.
The gnoll misses you.
You hit the gnoll but do no damage.
The gnoll looks even sicker.
You hit the gnoll.
The gnoll looks as sick as possible!
The gnoll is lightly wounded.
The gnoll hits you with a +1 heavy flail.
You hit the gnoll.
You kill the gnoll!
You barely miss the orc. The orc completely misses you.
The gnoll barely misses you.
You hit the orc but do no damage.
The orc is poisoned.
The orc completely misses you. The gnoll barely misses you.
You hit the orc but do no damage.
The orc looks as sick as possible!
The orc is moderately wounded.
The orc misses you. The gnoll misses you.
You hit the orc.
You kill the orc!
Your transformation is almost over.
The gnoll hits you from afar with a +0 spear!
* * * LOW HITPOINT WARNING * * *
You have reached level 4!
You feel clever. The gnoll hits you with a +0 spear!
You die...

..##............###...###########
..#############.......)##########
.......................'.........
...#########.##........#########.
##..###### #.########### #..
##......# #.# #.. #......# #.#
### #.. #......# #.#########.....
#.. #..##### #....sgg..'..... #..
##.## ###########..... ###
#..###### ... ### ##.#....# . #..
#......###### #.. ##..........#
#.. ##.........# #.. ##........#
#.. #.......)# #..


You could see a gnoll and a hobgoblin.

Vanquished Creatures
  A gnoll (D:2)
  A worm (D:2)
  An orc (D:2)
  5 endoplasms
  4 goblins
  6 hobgoblins
  4 kobolds
  5 ball pythons
  A bat (D:1)
  A frilled lizard (D:2)
  3 rats
32 creatures vanquished.

Notes
Turn   | Place    | Note
-------+----------+-------------------------------------------
     0 | D:1      | mopl the Djinni Transmuter began the quest for the Orb.
     0 | D:1      | mopl set off with the following spells memorised: Beastly
                  | Appendage, Wereblood, Spider Form, Ice Form.
     0 | D:1      | Reached XP level 1. HP: 17/17 MP: 0/0
   195 | D:1      | Reached XP level 2. HP: 7/22 MP: 0/0
   765 | D:1      | Reached XP level 3. HP: 23/27 MP: 0/0
   765 | D:1      | Learned a level 1 spell: Sting
   865 | D:2      | Reached skill level 2 in Spellcasting
  1151 | D:2      | Reached skill level 4 in Unarmed Combat
  1282 | D:2      | Reached XP level 4. HP: 6/32 MP: 0/0
  1282 | D:2      | Slain by a gnoll

Illustrated notes

Levels and vault maps discovered:
D:1:      minmay_arrival_four_circles, layout_loops_ring
D:2:      layout_basic, minmay_rat_gold_closets

Skill      XL: |  1  2  3 |
---------------+----------+-----
Spellcasting   | 2 |  2.1
Unarmed Combat | 4 |  4.1
Fighting       | |  1.0
Dodging        | |  2.1

Action                     |  1- 3 |  4- 6 || total
---------------------------+-------+-------++-------
  Melee: Unarmed           |    98 |       ||    98
         Headbutt          |    12 |       ||    12
         Punch             |     6 |       ||     6
   Cast: Beastly Appendage |    18 |       ||    18
         Spider Form       |     1 |       ||     1
 Armour: Robe              |    13 |       ||    13
  Dodge: Dodged            |    46 |       ||    46

Table legend: (Time is in decaauts)
 A = Elapsed time spent in this place.
 B = Non-inter-level travel time spent in this place.
 C = Inter-level travel time spent in this place.
 D = Time resting spent in this place.
 E = Time spent auto-exploring this place.
 F = Levels seen in this place.
 G = Mean time per level.
                   A        B        C        D        E       F      G
               +--------+--------+--------+--------+--------+-----+--------+
         Total |   1275 |   1271 |      4 |    218 |    825 |   2 |  637.5 |
       Dungeon |   1275 |   1271 |      4 |    218 |    825 |   2 |  637.5 |
               +--------+--------+--------+--------+--------+-----+--------+

Top non-repeatable levels by time:
     D:1: 822 daAuts
     D:2: 453 daAuts
